AoeStats
← GoldPhantom

Pilgrims

507927644Analyzed
2v2 RM · 13d ago on Sep 20, 2026· 36m 55s· 4 players
Game mode
Random Map
Map size
Medium (4 player)
Population
200
Speed
Normal
Resources
Standard
Victory
Conquest
Starting age
Dark Age
Ending age
Imperial Age
RankedLock teamsTeams togetherTeam positionsShared explorationLock speedFull tech treeHidden civsTurbo modeCheats
Victory
Defeat
🇹🇷 Vikings · Türkiye
863
+9
🇹🇷 Franks · Türkiye
818
+10
🇭🇰 Georgians · Hong Kong SAR China
835
-14
🇺🇸 Chinese · United States
539
-5
wolvi
4:18 Loom
14:58 Feudal Age
15:25 Double-Bit Axe
19:03 Forging
19:20 Scale Barding Armor
21:20 Castle Age
19:26 Gold Mining
22:06 Husbandry
22:46 Gold Shaft Mining
22:51 Wheelbarrow
22:33 Fishing Lines
23:56 Iron Casting
26:05 Squires
25:26 Pikeman
28:12 Fletching
28:23 Padded Archer Armor
29:03 Elite Skirmisher
29:47 Scale Mail Armor
29:43 Bodkin Arrow
36:05 Ballistics
35:41 Murder Holes
36:06 Leather Archer Armor
Trabzonli Bela
8:18 Loom
11:45 Feudal Age
12:33 Fishing Lines
13:41 Double-Bit Axe
16:44 Castle Age
14:50 Horse Collar
17:03 Crossbowman
20:09 Medium Warships
21:05 Fletching
21:25 Town Watch
24:42 Gold Mining
27:18 Bodkin Arrow
27:25 Padded Archer Armor
27:39 Forging
30:26 Imperial Age
28:30 Bodkin Arrow
31:44 Bow Saw
31:36 Heavy Plow
32:56 Ballistics
33:36 Chemistry
33:10 Arbalester
33:52 Bracer
33:52 Padded Archer Armor
33:54 Scale Mail Armor
34:04 Forging
34:20 Conscription
34:01 Chieftains
35:16 Elite Berserk
36:29 Capped Ram
NewtKnight7299
5:02 Loom
9:54 Feudal Age
11:05 Fishing Lines
12:59 Arson
16:47 Wheelbarrow
21:29 Scale Mail Armor
21:30 Padded Archer Armor
21:42 Forging
24:28 Double-Bit Axe
28:14 Horse Collar
28:48 Scale Barding Armor
GoldPhantom
10:45 Loom
13:16 Feudal Age
13:43 Fishing Lines
14:11 Double-Bit Axe
21:07 Castle Age
19:52 Bloodlines
21:58 Wheelbarrow
21:51 Husbandry
22:42 Forging
23:13 Bow Saw
22:56 Gold Mining
24:02 Scale Barding Armor
25:12 Hand Cart
24:42 Town Watch
29:13 Iron Casting
29:26 Light Cavalry
30:36 Chain Barding Armor
33:49 Stone Mining
38:22 Imperial Age
Connection lost

Rejoining the realm…

Still unreachable

The connection could not be restored.

Session expired

The server has moved on; the page needs a fresh start.